[Event "*** SCC Grand Prix: Titled Tuesday Blitz"]
[Site "Chess.com"]
[Date "2020.10.13"]
[Round "2"]
[White "Sanyura"]
[Black "BJthechessgod"]
[Result "1-0"]
[WhiteElo "2481"]
[BlackElo "2257"]
[TimeControl "180+1"]
[EndTime "10:17:02 PDT"]
[Termination "Sanyura won on time"]

1. e4 c5 2. Nf3 e6 3. d4 cxd4 4. Nxd4 Nc6 5. Nc3 Qc7 6. f4 a6 7. Nxc6 bxc6 8. Bd3 d5 9. O-O Nf6 10. Qf3 Bc5+ 11. Kh1 O-O 12. Bd2 Rb8 13. b3 Bd4 14. e5 Ne8 15. Rae1 g6 16. Ne2 Bc5 17. Ng3 Ng7 18. Qg4 Be7 19. f5 exf5 20. Nxf5 Bxf5 21. Bxf5 Nxf5 22. Rxf5 Qc8 23. Ref1 Kg7 24. Bc3 Qe6 25. h3 Kh8 26. Rxf7 Qxg4 27. hxg4 Kg8 28. e6 Bd6 29. Rg7+ 1-0

[Event "*** SCC Grand Prix: Titled Tuesday Blitz"]
[Site "Chess.com"]
[Date "2020.10.13"]
[Round "2"]
[White "rugbyclub"]
[Black "WildTricks"]
[Result "0-1"]
[WhiteElo "2216"]
[BlackElo "2441"]
[TimeControl "180+1"]
[EndTime "10:17:02 PDT"]
[Termination "WildTricks won by checkmate"]

1. e4 c5 2. Nf3 d6 3. Bb5+ Nd7 4. Ba4 Nf6 5. O-O g6 6. c4 Bg7 7. Nc3 O-O 8. d4 cxd4 9. Nxd4 Qb6 10. Be3 Qxb2 11.
Ncb5 Nxe4 12. Rb1 Qxa2 13. Ra1 Qxc4 14. Bb3 Qc5 15. Rc1 Qe5 16. f4 Qf6 17. Nc7 Rb8 18.
Nd5 Qh4 19. g3 Nxg3 20. hxg3 Qxg3+ 21. Kh1 Qh4+ 22. Kg2 e6 23. Rh1 Qd8 24. Nc3 Nc5 25.
Ba2 b5 26. Kg3 b4 27. Nce2 Bb7 28. Nf3 Ne4+ 29. Kg2 Qa5 30. Bb3 Qf5 31. Qe1 Qg4+ 32.
Ng3 Ng5 33. Bd1 Nxf3 34. Bxf3 Qxf3+ 35. Kh2 Qg2# 0-1

[Event "*** SCC Grand Prix: Titled Tuesday Blitz"]
[Site "Chess.com"]
[Date "2020.10.13"]
[Round "2"]
[White "Sergienko_Sergey"]
[Black "mr65"]
[Result "1-0"]
[WhiteElo "2401"]
[BlackElo "2153"]
[TimeControl "180+1"]
[EndTime "10:17:02 PDT"]
[Termination "Sergienko_Sergey won by checkmate"]

1. e4 e5 2. Nf3 Nc6 3. Bb5 a6 4. Ba4 Nf6 5. Bxc6 dxc6 6. d3 Nd7 7. Nbd2 Bd6 8. Nc4 O-O 9. O-O Qe7 10. h3 f6 11. Nh4 Nc5 12. Nf5 Bxf5 13. exf5 Rfe8 14. Qg4 Kh8 15. Be3 b5 16. Nd2 Rad8 17. Rae1 Qf7 18. b3 Qf8 19. Kh1 Nd7 20. Ne4 Nc5 21. Bxc5 Bxc5 22. Qh5 Bb4 23. Re2 Rd7 24. g4 Qf7 25. Qh4 g5 26. fxg6 Qxg6 27. f4 exf4 28.
Rxf4 Be7 29. Qf2 Bd8 30. Ng3 Rxe2 31. Qxe2 Re7 32. Qf2 Qe8 33. Ne4 f5 34. Rxf5 Qd7 35. Rf8+ Kg7 36. Qf6# 1-0

[Event "*** SCC Grand Prix: Titled Tuesday Blitz"]
[Site "Chess.com"]
[Date "2020.10.13"]
[Round "2"]
[White "chessplayer9919"]
[Black "Parhamov"]
[Result "0-1"]
[WhiteElo "2595"]
[BlackElo "2954"]
[TimeControl "180+1"]
[EndTime "10:17:03 PDT"]
[Termination "Parhamov won by resignation"]

1. d4 d5 2. c4 e6 3. Nf3 c5 4.
cxd5 exd5 5. Nc3 Nc6 6. g3 Nf6 7. Bg2 Be7 8. dxc5 Bxc5 9. O-O O-O 10.
Bg5 Be6 11. Rc1 Be7 12. Nd4 Rc8 13. Nxe6 fxe6 14. Bh3 Qd7 15. e4 d4 16. Qb3 Nd8 17. Bxf6 Bxf6 18. Nd5 Re8 19. Rxc8 Qxc8 20. Rd1 Qc5 21.
Nf4 Qb6 22. Qa4 Qc6 23. Qxa7 e5 24. Nd5 Nf7 25. Qa3 Nd6 26. Qb3 Kh8 27. Bg2 Rc8 28.
Nxf6 gxf6 29. Qe6 Kg7 30. Qg4+ Kh8 31. Qe6 Nc4 32. Qf5 Nxb2 33. Rb1 Rf8 34. Bh3 Nd3 35. Kg2 Nxf2 36. Qxf2 Qxe4+ 37. Qf3 Qxb1 38. Bf5 Qxa2+ 39. Kh3 Qf7 40. Qg4 Rg8 41. Qh4 Rg5 42.
Qe4 Qh5+ 43. Kg2 Rxf5 44. g4 Rg5 45. Kf3 Qh3+ 46. Kf2 Qxg4 47. Qxb7 Qg1+ 48. Ke2 Qg2+ 0-1

[Event "*** SCC Grand Prix: Titled Tuesday Blitz"]
[Site "Chess.com"]
[Date "2020.10.13"]
[Round "2"]
[White "janumber1"]
[Black "Kildepiotr"]
[Result "0-1"]
[WhiteElo "2180"]
[BlackElo "2639"]
[TimeControl "180+1"]
[EndTime "10:17:03 PDT"]
[Termination "Kildepiotr won on time"]

1. e4 g6 2. d4 Bg7 3. Ne2 c6 4. g3 d6 5. Bg2 Nf6 6. O-O O-O 7.
c4 Nbd7 8. Nbc3 e5 9. h3 Qc7 10.
Be3 exd4 11. Nxd4 Re8 12. Qc2 a5 13. Rad1 Nf8 14. g4 Ne6 15. Nxe6 Bxe6 16. Bf4 Bxc4 17. Bxd6 Qc8 18. Rfe1 Nd7 19. b3 Ba6 20. Na4 Bb5 21. Nc5 Nxc5 22. Bxc5 Qe6 23. Rd6 Qe5 24. Red1 a4 25. b4 a3 26. Rd7 Ba4 27. Qc4 Bxd1 28. Qxf7+ Kh8 29. Rxd1 Qe6 30. Qxe6 Rxe6 31. Rd7 b5 32. f4 Bf8 33. Bd4+ Kg8 34. e5 Bxb4 35. f5 gxf5 36. gxf5 Re7 37. Rxe7 Bxe7 38. Bxc6 Rd8 39. f6 Bxf6 40. exf6 Rxd4 41. Bxb5 Kf7 42. Kf2 Rd2+ 43. Ke3 Rh2 44. Bc4+ Kxf6 45. Kd4 Rxh3 0-1

[Event "*** SCC Grand Prix: Titled Tuesday Blitz"]
[Site "Chess.com"]
[Date "2020.10.13"]
[Round "2"]
[White "eljanov"]
[Black "elcandado"]
[Result "1-0"]
[WhiteElo "2864"]
[BlackElo "2567"]
[TimeControl "180+1"]
[EndTime "10:17:04 PDT"]
[Termination "eljanov won on time"]

1. Nf3 Nf6 2. c4 e6 3. g3 d5 4. Bg2 Be7 5. d4 O-O 6. O-O dxc4 7. Qc2 a6 8. a4 Bd7 9. Qxc4 Bc6 10. Bg5 Bd5 11. Qc2 Be4 12. Qc1 Nbd7 13. Nc3 Bg6 14.
Rd1 h6 15. Bf4 Bd6 16. a5 Bxf4 17.
Qxf4 Nd5 18. Nxd5 exd5 19. Nh4 c6 20. Nxg6 fxg6 21. Qd2 Qf6 22. e3 Rf7 23. Ra3 Nf8 24.
e4 dxe4 25. Bxe4 Rd8 26. d5 Rfd7 27. Rd3 cxd5 28. Bxd5+ Kh7 29. Qc3 Qxc3 30. bxc3 Ne6 31.
c4 Nc5 32. Re3 g5 33. Rb1 g6 34. Rb6 Kg7 35. Kg2 Rd6 36. Re7+ Kf6 37. Rf7+ Ke5 38.
Rb1 Kd4 39. Rf3 Na4 40. Rxb7 Nc3 41. Bf7 1-0

[Event "*** SCC Grand Prix: Titled Tuesday Blitz"]
[Site "Chess.com"]
[Date "2020.10.13"]
[Round "2"]
[White "vanea_03"]
[Black "lucachess49"]
[Result "1-0"]
[WhiteElo "2692"]
[BlackElo "2408"]
[TimeControl "180+1"]
[EndTime "10:17:04 PDT"]
[Termination "vanea_03 won on time"]

1. d4 Nf6 2. c4 e6 3. g3 d5 4. Bg2 Bb4+ 5. Bd2 Bd6 6. Nc3 c6 7.
e4 dxe4 8. Nxe4 Nxe4 9. Bxe4 Nd7 10.
Nf3 Nf6 11. Bc2 O-O 12. Qe2 h6 13. O-O-O Qe7 14. c5 Bc7 15. Ne5 Rd8 16. Be3 a5 17.
f4 a4 18. a3 Qe8 19. g4 Nd5 20. g5 hxg5 21. fxg5 Bxe5 22. dxe5 Nxe3 23. Qxe3 Rd5 24. h4 Qe7 25. Rxd5 exd5 26. h5 Be6 27. Rg1 Rd8 28. Qd4 b6 29. cxb6 c5 30. Qd3 Kf8 31. Qh7 Qb7 32. h6 Ke7 33. hxg7 Qb8 34. g6 f6 35. g8=Q+ 1-0

[Event "*** SCC Grand Prix: Titled Tuesday Blitz"]
[Site "Chess.com"]
[Date "2020.10.13"]
[Round "2"]
[White "TomiLen"]
[Black "Samantha_Ross"]
[Result "1-0"]
[WhiteElo "2585"]
[BlackElo "2270"]
[TimeControl "180+1"]
[EndTime "10:17:04 PDT"]
[Termination "TomiLen won by resignation"]

1. d4 d5 2. c4 c6 3. Nf3 Nf6 4. Nc3 e6 5. cxd5 exd5 6. Qc2 Be7 7. Bg5 Nbd7 8. e3 h6 9. Bh4 O-O 10. Bd3 Re8 11. O-O Nf8 12. h3 Ne4 13. Bxe7 Qxe7 14.
Rfc1 Nxc3 15. bxc3 Be6 16. c4 dxc4 17. Bxc4 Bxc4 18. Qxc4 Ng6 19. Rab1 Rad8 20. Qb4 Qxb4 21. Rxb4 Rd7 22. Ne1 Ne7 23. Nd3 Nd5 24. Rb3 Ree7 25. Nc5 Rc7 26. Rcb1 Nb6 27. a4 g6 28. Rb4 Nd7 29. Nxb7 c5 30. Nxc5 Nxc5 31. dxc5 Rxc5 32. Rb7 Rxb7 33. Rxb7 Ra5 34. Rb4 g5 35. g4 Kg7 36.
Kg2 Kg6 37. Rc4 f6 38. f4 gxf4 39. exf4 h5 40. Kf3 hxg4+ 41. hxg4 Rd5 42. Rc6 Rd3+ 43.
Ke2 Rd4 44. Ke3 Rxa4 45. g5 Ra3+ 46. Ke4 Ra4+ 47. Kf3 a5 48. Rxf6+ Kg7 49. Ra6 Ra1 50. Kg4 a4 51. Ra7+ Kf8 52. Kf5 a3 53. Kf6 Ke8 54.
f5 a2 55. g6 Rb1 56. Ra8+ Kd7 57. Rxa2 Rb5 58. g7 1-0

[Event "*** SCC Grand Prix: Titled Tuesday Blitz"]
[Site "Chess.com"]
[Date "2020.10.13"]
[Round "2"]
[White "Onischuk_V"]
[Black "ajdemipopushi"]
[Result "1-0"]
[WhiteElo "2826"]
[BlackElo "2348"]
[TimeControl "180+1"]
[EndTime "10:17:04 PDT"]
[Termination "Onischuk_V won on time"]

1. e4 c5 2. Nc3 g6 3. Nge2 Bg7 4. d4 cxd4 5. Nxd4 Nc6 6. Nb3 Nf6 7. g3 O-O 8. Bg2 d6 9. h3 a6 10. O-O Rb8 11. a4 b5 12. axb5 axb5 13. Re1 b4 14. Nd5 Nd7 15. Ra2 e6 16. Ne3 Qc7 17. Nc4 Nd4 18. Nxd4 Qxc4 19. Nb3 Qc7 20. Be3 Ne5 21. Ra7 Rb7 22. Rxb7 Bxb7 23. Bd4 Rc8 24. Qd2 Rb8 25. Ra1 Nc4 26. Qc1 e5 27. Ba7 Ra8 28. Nd2 Nxd2 29. Qxd2 Bxe4 30. Bxe4 Rxa7 31. Rxa7 Qxa7 32. Qxb4 Bf8 33. Bd5 Kg7 34. b3 Qd4 35. Qb7 1-0

[Event "*** SCC Grand Prix: Titled Tuesday Blitz"]
[Site "Chess.com"]
[Date "2020.10.13"]
[Round "2"]
[White "TokChess"]
[Black "beto-betun"]
[Result "1/2-1/2"]
[WhiteElo "2401"]
[BlackElo "2175"]
[TimeControl "180+1"]
[EndTime "10:17:05 PDT"]
[Termination "Game drawn by repetition"]

1. d4 Nf6 2. Nf3 g6 3. g3 Bg7 4.
Bg2 O-O 5. O-O d6 6. c4 c6 7. Nc3 Re8 8. Qc2 e5 9. Rd1 e4 10. Ng5 d5 11. Bf4 Na6 12. Rac1 h6 13. Nh3 Bg4 14. f3 exf3 15. exf3 Bf5 16. Qb3 Qb6 17. Nf2 Qxb3 18. axb3 Rac8 19. g4 Be6 20. c5 h5 21.
h3 Nb4 22. Nd3 Nxd3 23. Rxd3 hxg4 24. hxg4 Nh7 25. Ra1 a6 26. Kf2 f5 27. g5 Bf7 28.
Ne2 Nf8 29. Bd2 Ne6 30. f4 Nc7 31. Ng1 Nb5 32. Bc3 Re7 33. Nf3 Rce8 34. Ne5 Bxe5 35. dxe5 Be6 36. Rh1 Rh7 37. Rxh7 Kxh7 38. Rh3+ Kg7 39.
Bf1 Rh8 40. Rxh8 Kxh8 41. Ke3 Kg7 42. Ba5 Kf7 43. Be2 Ke7 44. Kd3 Kf7 45. Bb6 Ke7 46. Ba5 Kd7 47. Be1 Ke7 48. b4 Kf7 49. Kc2 Ke7 50. Bf2 Kd7 51. Be3 Ke7 52. Bd3 Kd7 53.
Kb3 Ke7 54. Ka4 Kd7 55. Ka5 Kc7 56. Be2 Bf7 57. Bf2 Be6 58. Bxb5 axb5 59. Bd4 Bf7 60. Be3 Be6 61. Bd4 Bd7 62. Be3 Be6 63. Bd4 1/2-1/2

[Event "*** SCC Grand Prix: Titled Tuesday Blitz"]
[Site "Chess.com"]
[Date "2020.10.13"]
[Round "2"]
[White "WonderChampion"]
[Black "tlomigtlis"]
[Result "0-1"]
[WhiteElo "2024"]
[BlackElo "2634"]
[TimeControl "180+1"]
[EndTime "10:17:06 PDT"]
[Termination "tlomigtlis won by resignation"]

1. d4 d5 2. Nf3 Nf6 3. e3 c5 4.
dxc5 Nc6 5. c4 e6 6. cxd5 exd5 7.
Nc3 Bxc5 8. Bb5 O-O 9. O-O d4 10. exd4 Nxd4 11. Nxd4 Bxd4 12. Bd2 Bg4 13. Qc2 Qb6 14.
Bd3 Rac8 15. Rac1 Rfe8 16. h3 Bh5 17. Qb3 Rcd8 18. Bg5 h6 19. Bf4 Qxb3 20. axb3 Bxf2+ 21. Rxf2 Rxd3 22. Bxh6 gxh6 23. Rxf6 Rd2 24. Rf2 Red8 25. Ne4 Rxf2 26. Kxf2 Bg6 27. Nf6+ Kg7 28. Ng4 Rd2+ 29. Kg3 Rxb2 30. Rc3 Bc2 31. Rf3 Rxb3 32. Ne3 Be4 33. Nf5+ Bxf5 34. Rxb3 Be4 35. Ra3 a6 36. Rb3 Bd5 37. Rd3 Bc6 38. Kf2 a5 39. g4 a4 40. Ra3 b5 41. Ke3 b4 42. Ra1 a3 43. Kd3 Bd5 44. Kc2 b3+ 45. Kc3 b2 46.
Re1 Be4 47. Rxe4 b1=Q 48. Re7 Qb2+ 49. Kc4 a2 50. Ra7 Qc2+ 51. Kd5 Qd3+ 52. Kc5 Qe3+ 0-1

[Event "*** SCC Grand Prix: Titled Tuesday Blitz"]
[Site "Chess.com"]
[Date "2020.10.13"]
[Round "2"]
[White "szefru"]
[Black "Ind1anStar"]
[Result "0-1"]
[WhiteElo "2230"]
[BlackElo "2452"]
[TimeControl "180+1"]
[EndTime "10:17:06 PDT"]
[Termination "Ind1anStar won by checkmate"]

1. c4 e6 2. Nc3 d5 3. cxd5 exd5 4. d4 Be7 5. Nf3 Nf6 6. Bf4 O-O 7. e3 c6 8. Bd3 Nbd7 9. Ng5 Re8 10. Qc2 Nf8 11. O-O h6 12. Nf3 Bd6 13. Ne5 Be6 14.
Rac1 Rc8 15. a3 c5 16. Bb5 Re7 17. Qd2 a6 18. Bd3 c4 19. Bb1 b5 20. f3 b4 21.
axb4 Bxb4 22. e4 N8d7 23. exd5 Nxd5 24. Rce1 Nxe5 25. Bxe5 Rd7 26. Qc2 g6 27. Qd2 Kh7 28. Bg3 Ne7 29. Qc2 Bf5 30. Ne4 Rxd4 31. Re3 Bc5 32. Nxc5 Bxc2 33. Bxc2 Rxc5 34. Rfe1 Nf5 35. Re8 Qg5 36. Be5 Rxe5 37. R1xe5 Rd2 38. Ba4 Qxg2# 0-1

[Event "*** SCC Grand Prix: Titled Tuesday Blitz"]
[Site "Chess.com"]
[Date "2020.10.13"]
[Round "2"]
[White "Vision_64"]
[Black "Lucas_Tomiello"]
[Result "0-1"]
[WhiteElo "2203"]
[BlackElo "2427"]
[TimeControl "180+1"]
[EndTime "10:17:06 PDT"]
[Termination "Lucas_Tomiello won on time"]

1. e4 c5 2. Nf3 d6 3. d4 cxd4 4.
Nxd4 Nf6 5. Nc3 a6 6. Bg5 Nbd7 7. f4 Qc7 8. Qf3 b5 9. O-O-O Bb7 10. Bd3 Qb6 11. Nb3 e6 12. Rhe1 Be7 13. Qh3 b4 14. Nb1 a5 15. N3d2 Rc8 16. Nc4 Qc5 17. f5 e5 18. Be3 Qc7 19. Nbd2 Nxe4 20. Nxe4 Bxe4 21. Nxd6+ Bxd6 22. Bxe4 Nf6 23. Bd3 O-O 24. Rd2 a4 25. Kb1 e4 26. Be2 a3 27. Bd4 Be5 28.
Bxe5 Qxe5 29. c3 axb2 30. Rxb2 bxc3 31. Rc2 Rb8+ 32. Kc1 Rb2 33. Qxc3 Rxc2+ 34. Qxc2 Qa1+ 35. Kd2 Qd4+ 36. Kc1 e3 37. Rd1 Qa1+ 38. Qb1 Rc8+ 0-1

[Event "*** SCC Grand Prix: Titled Tuesday Blitz"]
[Site "Chess.com"]
[Date "2020.10.13"]
[Round "2"]
[White "doons21"]
[Black "SergeyKarjakin"]
[Result "0-1"]
[WhiteElo "2575"]
[BlackElo "2901"]
[TimeControl "180+1"]
[EndTime "10:17:07 PDT"]
[Termination "SergeyKarjakin won on time"]

1. e4 e5 2. Nf3 Nc6 3. Nc3 Nf6 4. g3 d5 5. exd5 Nxd5 6. Bg2 Nxc3 7. bxc3 Bd6 8. O-O O-O 9. Rb1 h6 10. Re1 Qf6 11. d4 Rb8 12. h3 b6 13. Be3 Bb7 14. dxe5 Nxe5 15. Nxe5 Bxe5 16. Bxb7 Rxb7 17. Bd4 Bxd4 18.
Qxd4 Qf5 19. Rbd1 Qxh3 20. Qd5 c6 21. Qxc6 Qc8 22. Qf3 Rc7 23. Rd3 g6 24. Re4 h5 25.
g4 hxg4 26. Rxg4 Qe6 27. Re3 Qc6 28. Qf5 Rd8 29. Rd3 Re8 30. Qf3 Qxf3 31. Rxf3 Re1+ 32. Kg2 Rc1 33. a4 Rxc2 34. Rgg3 Rc4 0-1

[Event "*** SCC Grand Prix: Titled Tuesday Blitz"]
[Site "Chess.com"]
[Date "2020.10.13"]
[Round "2"]
[White "albi1999"]
[Black "Julianos82"]
[Result "1-0"]
[WhiteElo "2618"]
[BlackElo "2292"]
[TimeControl "180+1"]
[EndTime "10:17:09 PDT"]
[Termination "albi1999 won by resignation"]

1. d4 d5 2. c4 dxc4 3. Nf3 c6 4. e4 b5 5. a4 Bb7 6. Nc3 a6 7. d5 Nf6 8. axb5 axb5 9. Rxa8 Bxa8 10. Bf4 e6 11. Bxb8 Qxb8 12. dxe6 Bb4 13. exf7+ Kxf7 14. Be2 Nxe4 15. Qd7+ Kf8 16. O-O Bxc3 17. bxc3 h5 18. Qf5+ Nf6 19. Ne5 Kg8 20. Qe6+ Kh7 21. Bxh5 Nxh5 22.
Qg6+ Kg8 23. Qf7+ Kh7 24. Qxh5+ Kg8 25. Qf7+ Kh7 26. Qf5+ Kg8 27. Rd1 Rh6 28. Rd7 Rf6 29. Rxg7+ Kxg7 30. Qg5+ Kh7 31. Qxf6 Qa7 32. h4 c5 33.
Qg6+ Kh8 34. Nf7+ 1-0

[Event "*** SCC Grand Prix: Titled Tuesday Blitz"]
[Site "Chess.com"]
[Date "2020.10.13"]
[Round "2"]
[White "Caterpiller35"]
[Black "barbara25"]
[Result "1/2-1/2"]
[WhiteElo "2465"]
[BlackElo "2264"]
[TimeControl "180+1"]
[EndTime "10:17:10 PDT"]
[Termination "Game drawn by repetition"]

1. e4 c5 2. Nc3 a6 3. f4 b5 4.
Nf3 Bb7 5. d3 e6 6. g3 Ne7 7.
Bg2 g6 8. e5 Bg7 9. O-O O-O 10.
Ne4 Qc7 11. Nd6 Nbc6 12. h4 Nc8 13. Nxb7 Qxb7 14. h5 N8e7 15. Ng5 Qc7 16. hxg6 fxg6 17. Qg4 h5 18. Qh3 c4 19. Be3 Rac8 20. d4 Nf5 21.
Bf2 Nh6 22. Be4 Ne7 23. c3 Nef5 24. Kg2 Ng4 25. Rh1 b4 26. Bf3 Ngh6 27. cxb4 c3 28.
Rac1 Qb8 29. bxc3 a5 30. a3 axb4 31. axb4 Qc7 32. d5 Rfe8 33. c4 Qb8 34. Bc5 Rxc5 35. bxc5 Qb2+ 36. Kg1 Qxc1+ 37. Kh2 Qd2+ 38. Qg2 Qe3 39. c6 dxc6 40. dxe6 Nd4 41. Bxc6 Nxc6 42. Qxc6 Rb8 43. e7 Qe2+ 44. Qg2 Ng4+ 45. Kh3 Nf2+ 46. Kh2 Re8 47. Qd5+ Kh8 48. Nf7+ Kh7 49. Ng5+ Kh6 50. Nf7+ Kh7 51. Ng5+ Kh6 52. Nf7+ Kh7 1/2-1/2

[Event "*** SCC Grand Prix: Titled Tuesday Blitz"]
[Site "Chess.com"]
[Date "2020.10.13"]
[Round "2"]
[White "Revnov"]
[Black "ASVZ"]
[Result "1-0"]
[WhiteElo "2700"]
[BlackElo "2430"]
[TimeControl "180+1"]
[EndTime "10:17:11 PDT"]
[Termination "Revnov won by resignation"]

1. e4 e6 2. d4 d5 3. Nc3 Bb4 4. a3 Bxc3+ 5. bxc3 dxe4 6. Qg4 Nf6 7. Qxg7 Rg8 8. Qh6 c5 9. Ne2 Nc6 10. dxc5 Rg6 11.
Qe3 Qa5 12. Nf4 Nd5 13. Nxd5 exd5 14. Rb1 Be6 15. Rxb7 O-O-O 16. Rb5 Qa4 17. Rb2 d4 18. Qxe4 Bd5 19. Qd3 Re6+ 20. Kd2 Ne5 21. Rb4 Qc6 22. Qb5 dxc3+ 23. Kxc3 Qc7 24. Bf4 Rf6 25. Bg3 Bc6 26.
Qa6+ Kd7 27. Be2 Ke7 28. Re1 Qd7 29. Bd3 Re6 30. Rxe5 Bd5 31. Rxe6+ Bxe6 32. Bd6+ Ke8 33. Bb5 1-0

[Event "*** SCC Grand Prix: Titled Tuesday Blitz"]
[Site "Chess.com"]
[Date "2020.10.13"]
[Round "2"]
[White "Witik"]
[Black "GameOverBro"]
[Result "0-1"]
[WhiteElo "2746"]
[BlackElo "2535"]
[TimeControl "180+1"]
[EndTime "10:17:13 PDT"]
[Termination "GameOverBro won on time"]

1. d4 d6 2. e4 Nf6 3. Nc3 e5 4. Nge2 c6 5. h3 h5 6. g3 Nbd7 7. Bg2 b5 8. a3 Bb7 9. O-O a5 10. b3 Be7 11. Bb2 O-O 12. Qd2 Re8 13. Kh1 Qc7 14. f4 Bf8 15. fxe5 dxe5 16. d5 b4 17. axb4 axb4 18. Na4 cxd5 19. exd5 Ra5 20. c4 bxc3 21.
Naxc3 Rxa1 22. Bxa1 e4 23. Nf4 e3 24. Qe2 h4 25.
Nb5 Qb6 26. Bd4 Bc5 27. Bxc5 Qxc5 28. Qc4 e2 29. Re1 Qf2 30. Rxe2 Rxe2 31. Qxe2 Qxg3 32. Qf3 Qe1+ 33. Kh2 Qe5 34. Kh1 Nc5 35. b4 Nce4 36.
Kg1 Qa1+ 37. Kh2 Qb2 38. Qe3 Qe5 0-1

[Event "*** SCC Grand Prix: Titled Tuesday Blitz"]
[Site "Chess.com"]
[Date "2020.10.13"]
[Round "2"]
[White "dretch"]
[Black "FMJoseHerrera"]
[Result "1-0"]
[WhiteElo "2846"]
[BlackElo "2562"]
[TimeControl "180+1"]
[EndTime "10:17:14 PDT"]
[Termination "dretch won on time"]

1. d4 Nf6 2. c4 c5 3. d5 b5 4. cxb5 a6 5. bxa6 g6 6. Nc3 Bg7 7. e4 O-O 8. Nf3 Qa5 9. Nd2 Bxa6 10. Be2 e6 11. O-O Re8 12. Nc4 Qc7 13. Bg5 Bxc4 14. Bxc4 Na6 15. d6 Qb6 16. e5 Nh5 17. Qe2 h6 18. Bd2 Nb4 19. g4 Nc2 20. gxh5 Nxa1 21. Rxa1 g5 22. b3 Rf8 23. f4 gxf4 24.
Bxf4 f6 25. exf6 Rxf6 26. Be5 Rf5 27. Bxg7 Kxg7 28. Ne4 Rg8 29. Ng3 Kh8 30. Rd1 Rfg5 31. Qe3 Qc6 32. a4 Qa8 33. Rf1 Qe8 34. Be2 Qb8 35.
Rf6 1-0

[Event "*** SCC Grand Prix: Titled Tuesday Blitz"]
[Site "Chess.com"]
[Date "2020.10.13"]
[Round "2"]
[White "GM4life"]
[Black "AlexTriapishko"]
[Result "0-1"]
[WhiteElo "2345"]
[BlackElo "2790"]
[TimeControl "180+1"]
[EndTime "10:17:14 PDT"]
[Termination "AlexTriapishko won by checkmate"]

1. e4 c6 2. d4 d5 3. e5 Bf5 4. h4 h5 5. c4 e6 6. Nc3 Be7 7. Nf3 Nh6 8. cxd5 cxd5 9. Bd3 Bg4 10. Bg5 Nc6 11. Bxe7 Qxe7 12. Be2 Bxf3 13. Bxf3 Nf5 14. Bxh5 g6 15. Bg4 Rxh4 16. Rxh4 Qxh4 17. Bh3 Qxd4 18.
Qxd4 Nfxd4 19. O-O-O Rd8 20. f4 a6 21. Rd2 Ke7 22. Na4 Nb5 23. Nc5 Nb4 24. a3 b6 25.
axb4 bxc5 26. bxc5 Kd7 27. b4 Kc6 28. Rb2 d4 29.
Bg4 Kd5 30. Bf3+ Kc4 31. Kd2 d3 32. c6 Nd4 33. Ra2 Nxf3+ 34. gxf3 Kb5 35. Ra5+ Kb6 36.
Rc5 Kc7 37. Rc3 Rd4 38. Rxd3 Rxf4 39. Rd7+ Kxc6 40. Rd6+ Kb5 41. Kc3 Rxf3+ 42. Kd4 Rf4+ 43. Kc3 Rc4+ 44. Kd3 Rxb4 45. Rd7 Rf4 46. Ke3 Rf5 47. Ke4 a5 48. Rb7+ Ka4 49. Rb1 g5 50. Kd4 Rf4+ 51. Ke3 Rb4 52. Rf1 Rb7 53. Rg1 Kb5 54.
Rxg5 a4 55. Rg2 a3 56. Ra2 Ka4 57. Ke4 Rd7 58. Rh2 Kb3 59. Kf4 a2 60. Kf3 a1=Q 61.
Rd2 Rxd2 62. Kg4 Qxe5 63. Kf3 Rd3+ 64. Kg4 Rg3+ 65. Kh4 Qg5# 0-1

[Event "*** SCC Grand Prix: Titled Tuesday Blitz"]
[Site "Chess.com"]
[Date "2020.10.13"]
[Round "2"]
[White "peixe64"]
[Black "GAusal"]
[Result "0-1"]
[WhiteElo "2355"]
[BlackElo "2025"]
[TimeControl "180+1"]
[EndTime "10:17:14 PDT"]
[Termination "GAusal won by checkmate"]

1. e4 e5 2. Nf3 Nc6 3. Bb5 a6 4. Ba4 Nf6 5. O-O Nxe4 6. d4 b5 7. Bb3 d5 8. dxe5 Be6 9. c3 Bc5 10. Nbd2 O-O 11. Qe2 Bf5 12. Nxe4 dxe4 13. Nd2 Re8 14. Rd1 Qd3 15. Qe1 Nxe5 16. Nf1 Nf3+ 17. gxf3 Qxf3 18. Nd2 Qg4+ 19. Kh1 Rad8 20. Qg1 Bxf2 21.
Qxf2 e3 22. Qg1 exd2 23. Qxg4 Re1+ 24. Kg2 Bxg4 25. Rxd2 Rxd2+ 26. Bxd2 Rxa1 27. Be3 Be6 28. Bc5 Bxb3 29. axb3 f5 30. Ba3 g5 31. Kf3 Kf7 32. Kg3 h5 33. Kg2 Ke6 34. h4 g4 35. Kg3 Ke5 36. Bc5 f4+ 37. Kf2 Ke4 38. Bd4 Rb1 39.
Kg2 Rxb2+ 40. Kf1 Rxb3 41. Ke2 c5 42. Bg7 a5 43. Kd2 Rb2+ 44. Kc1 Rh2 45. Kd1 f3 46.
Bf6 a4 47. Ke1 a3 48. c4 b4 49. Kd1 b3 50. Kc1 Kd3 51. Kb1 Rh1# 0-1

[Event "*** SCC Grand Prix: Titled Tuesday Blitz"]
[Site "Chess.com"]
[Date "2020.10.13"]
[Round "2"]
[White "SHIVACalypso"]
[Black "annacramling"]
[Result "1-0"]
[WhiteElo "2370"]
[BlackElo "1978"]
[TimeControl "180+1"]
[EndTime "10:17:15 PDT"]
[Termination "SHIVACalypso won by resignation"]

1. Nf3 c5 2. c4 Nc6 3. g3 e5 4. Nc3 d6 5. Bg2 g6 6. O-O Bg7 7. Ne1 Be6 8. Nd3 Bxc4 9. Ne1 Nge7 10. d3 Be6 11. e4 O-O 12. f4 f5 13. Nc2 Nd4 14.
Ne3 exf4 15. gxf4 Rb8 16. Bd2 b5 17. Ncd5 Nec6 18. Rc1 b4 19. e5 dxe5 20. Rxc5 exf4 21. Nxf4 Qb6 22. Nxe6 Nxe6 23. Rxc6 Qd4 24. Rxe6 Rfe8 25. Rxe8+ Rxe8 26. Qb3+ Kh8 27. Re1 f4 28. Qc4 fxe3 29. Qxd4 Bxd4 30. Bxb4 e2+ 31. Kh1 Kg7 32. Bf3 Bxb2 33.
Rxe2 Rf8 34. Kg2 Bd4 35. Be4 g5 36. Rc2 Kh6 37. Bxf8+ 1-0

[Event "*** SCC Grand Prix: Titled Tuesday Blitz"]
[Site "Chess.com"]
[Date "2020.10.13"]
[Round "2"]
[White "Ginger_GM"]
[Black "BillieKimbah"]
[Result "0-1"]
[WhiteElo "2591"]
[BlackElo "2933"]
[TimeControl "180+1"]
[EndTime "10:17:16 PDT"]
[Termination "BillieKimbah won by resignation"]

1. e4 e5 2. f4 d5 3. exd5 exf4 4. Nf3 Nf6 5. Bc4 Nxd5 6. Nc3 Be6 7. Qe2 Be7 8. Nd4 Nxc3 9. dxc3 Bxc4 10. Qxc4 Bh4+ 11.
g3 fxg3 12. hxg3 Bxg3+ 13. Ke2 Be5 14. Qb5+ Nd7 15. Qxb7 O-O 16. Qe4 Nf6 17. Qh4 Re8 18. Be3 Bxd4 19. cxd4 Re4 20. Qg5 Qd5 21. Kd3 Qe6 22.
Rag1 Ng4 23. Kd2 h6 24. Rxh6 Qxh6 25. Qxh6 Nxh6 26. Bxh6 g6 27. Kd3 Rae8 28. Bg5 f5 29. Bf6 Kf7 30. Be5 R4xe5 31. dxe5 Rxe5 32. Rh1 Kg7 33. c4 g5 34. b4 g4 35. Rh5 Kg6 36.
Rh8 f4 37. Kd4 Re1 38. Rg8+ Kf5 39. Rf8+ Kg5 40. Rg8+ Kh4 41. b5 f3 42. Rf8 Kg3 43.
c5 f2 0-1

[Event "*** SCC Grand Prix: Titled Tuesday Blitz"]
[Site "Chess.com"]
[Date "2020.10.13"]
[Round "2"]
[White "Roza_Idrisova"]
[Black "korkmaz16"]
[Result "1-0"]
[WhiteElo "2170"]
[BlackElo "2391"]
[TimeControl "180+1"]
[EndTime "10:17:16 PDT"]
[Termination "Roza_Idrisova won by resignation"]

1. d4 d5 2. Nf3 Nf6 3. Bg5 Ne4 4. Bf4 c5 5. c3 Nc6 6. e3 Qb6 7. Qb3 c4 8. Qxb6 axb6 9. Nbd2 Bf5 10. Be2 h6 11.
Nxe4 Bxe4 12. O-O e6 13. Nd2 Bh7 14. e4 Be7 15. exd5 exd5 16. Bf3 Rd8 17. Rfe1 Rd7 18. h3 O-O 19. Bg4 f5 20. Bf3 Ra8 21. a3 Kf7 22. Rac1 g5 23. Bh2 f4 24. g3 Bd6 25.
gxf4 Bxf4 26. Bxf4 gxf4 27. Kh2 Kf6 28. Bg4 Re7 29.
Bf3 Rd8 30. Rxe7 Nxe7 31. Re1 Ng6 32. Bh5 Nh4 33. Nf3 Nxf3+ 34. Bxf3 Bf5 35. Re5 Be6 36. Rh5 Kg6 37. Re5 Kf6 38. h4 Rd7 39. Rxe6+ Kxe6 40. Bg4+ Kd6 41. Bxd7 Kxd7 42. Kh3 h5 43. Kg2 Ke6 44.
Kf3 Kf5 45. a4 b5 46. a5 Ke6 47. Kxf4 Kf6 48. f3 b4 49. cxb4 c3 50. bxc3 1-0

[Event "*** SCC Grand Prix: Titled Tuesday Blitz"]
[Site "Chess.com"]
[Date "2020.10.13"]
[Round "2"]
[White "RaunakSadhwani2005"]
[Black "Tayson_7"]
[Result "1-0"]
[WhiteElo "2959"]
[BlackElo "2600"]
[TimeControl "180+1"]
[EndTime "10:17:18 PDT"]
[Termination "RaunakSadhwani2005 won by resignation"]

1. c4 Nf6 2. Nc3 e6 3. e4 d5 4. e5 d4 5. exf6 dxc3 6. bxc3 Qxf6 7. Nf3 c5 8. d4 h6 9. Be2 cxd4 10. cxd4 Bb4+ 11.
Bd2 Bxd2+ 12. Qxd2 O-O 13. O-O b6 14. Ne5 Bb7 15.
Qe3 Rd8 16. Rad1 Nc6 17. f4 Ne7 18. g4 g6 19. Bf3 Bxf3 20. Rxf3 Rac8 21. Rdf1 Nc6 22.
g5 Qf5 23. gxh6 Nxd4 24. Rg3 Kh7 25. Rg5 Qf6 26. h4 Nf5 27. Qh3 Rd2 28. h5 gxh5 29. Qxh5 Nxh6 30. Ng4 Qd4+ 31. Rf2 Rd1+ 32. Kh2 Qxf2+ 33.
Nxf2 Rd2 34. Rg2 Rxc4 35. Ng4 Rxg2+ 36. Kxg2 1-0